 Dungeon Crawl Stone Soup version 0.28.0-53-g5a82cb258f (webtiles) character file.

Game seed: 9475421027981762883

23 KittyFluff the Skirmisher (level 2, 0/20 HPs)
             Began as a Gargoyle Berserker on May 27, 2022.
             Was a Follower of Trog.
             Slain by a goblin
             ... wielding a +0 dagger
              (3 damage)
             ... on level 1 of the Dungeon.
             The game lasted 00:01:14 (436 turns).

KittyFluff the Skirmisher (Gargoyle Berserker)       Turns: 436, Time: 00:01:15

Health: 0/20       AC:  5    Str: 20    XL:     2   Next: 95%
Magic:  2/2        EV: 12    Int:  7    God:    Trog [*.....]
Gold:   55         SH:  0    Dex:  9    Spells: 1/1 levels left

rFire   . . .      SeeInvis .   a - +0 mace
rCold   . . .      Faith    .   (no shield)
rNeg    + . .      Spirit   .   b - +0 animal skin
rPois   ∞          Reflect  .   (no helmet)
rElec   +          Harm     .   (no cloak)
rCorr   .          Rampage  .   (no gloves)
Will    .....                   (no boots)
Stlth   +.........              (no amulet)
HPRegen 0.06/turn               (no ring)
MPRegen 0.08/turn               (no ring)

@: no status effects
A: sickness immunity, AC +2, negative energy resistance 1, electricity
resistance, torment resistance 1, petrification resistance
a: Renounce Religion, Berserk


You were on level 1 of the Dungeon.
You worshipped Trog.
Trog was aware of your devotion.
You visited 1 branch of the dungeon, and saw 1 of its levels.

You collected 55 gold pieces.

Inventory:

Hand Weapons
 a - a +0 mace (weapon)
Armour
 b - a +0 animal skin (worn)
Scrolls
 c - 2 scrolls of identify {unknown}


   Skills:
 + Level 3.7 Fighting
 + Level 3.3 Maces & Flails
 * Level 2.5 Armour
 + Level 1.7 Dodging


You had one spell level left.
You didn't know any spells.
Your spell library was empty.

Dungeon Overview and Level Annotations

Branches:
Dungeon (1/15)

Altars:


Innate Abilities, Weirdness & Mutations

You are immune to sickness and miasma.
Your stone body is resilient. (AC +2)
You are immune to poison.
You resist negative energy. (rN+)
You are resistant to electric shocks. (rElec)
You are resistant to unholy torment.
You are immune to petrification.


Message History

The quokka bites you.
You hit the quokka but do no damage.
A hobgoblin comes into view.
The quokka misses you.
The hobgoblin moves out of view.
You closely miss the quokka.
The quokka bites you but does no damage.
The goblin hits you with a +0 club.
The hobgoblin hits you but does no damage.
The quokka barely misses you.
You barely miss the quokka. The goblin hits you with a +0 club.
The quokka bites you. The hobgoblin barely misses you.
You thump the quokka!
You kill the quokka!
Trog accepts your kill.
The hobgoblin hits you but does no damage.
The quokka barely misses you. The goblin hits you with a +0 club.
A bat comes into view.
You hit the quokka.
The quokka is lightly wounded.
The goblin hits you but does no damage. The quokka bites you.
The hobgoblin hits you but does no damage.
The goblin closely misses you. The goblin barely misses you.
You hit the quokka.
The quokka is almost dead.
The quokka misses you. The hobgoblin closely misses you.
The goblin hits you but does no damage. The quokka bites you.
* * * LOW HITPOINT WARNING * * *
The goblin hits you but does no damage.
You thump the quokka!
You kill the quokka!
Trog accepts your kill. The bat hits you but does no damage.
The hobgoblin hits you but does no damage.
The goblin misses you. The goblin hits you with a +0 dagger.
* * * LOW HITPOINT WARNING * * *
The hobgoblin misses you. The bat hits you.
* * * LOW HITPOINT WARNING * * *
The goblin barely misses you. The goblin hits you with a +0 dagger.
You die...

#......###.....)...... .
#.......##...÷÷)....#. #.
#....:...#..........#
##.##........#......).####
....................)....#
....(..................#..
.............#.........##.
......>...................
........g@gb..............
?....#....g...#.......###.
###########...##.....## ##
#...###.##### ....## #÷#
.##.## #.# # .. #.### #.#
#...# ###.##


You could see a hobgoblin, 2 goblins and a bat.

Vanquished Creatures
  A dart slug (D:1)
  An endoplasm (D:1)
  3 goblins (D:1)
  3 hobgoblins (D:1)
  4 quokkas (D:1)
  2 bats (D:1)
  A kobold (D:1)
  4 rats (D:1)
19 creatures vanquished.

Notes
Turn   | Place    | Note
-------+----------+-------------------------------------------
     0 | D:1      | KittyFluff the Gargoyle Berserker began the quest for the
                  | Orb.
     0 | D:1      | Reached XP level 1. HP: 14/14 MP: 1/1
    95 | D:1      | Reached XP level 2. HP: 12/19 MP: 2/2
   436 | D:1      | Slain by a goblin

Illustrated notes

Levels and vault maps discovered:
D:1:      scummos_arrival_simple_crosswalls, layout_rooms,
          hellmonk_ecumenical_altar_blasted, minmay_octomino_e4

Action                   || total
-------------------------++-------
Melee: Mace              ||    44
Invok: Berserk           ||     1
Armor: Animal skin       ||    35
Dodge: Dodged            ||    49
